 Dungeon Crawl Stone Soup version 0.25-a0-597-gb30770a0c0 (webtiles) character file.

Game seed: 10500327586706161483, levelgen mode: deterministic

127764 CryoSword the Gelid (level 17, 0/133 HPs)
             Began as a Merfolk Ice Elementalist on Mar 14, 2020.
             Was the Champion of Qazlal.
             Slain by a ghost moth (10 damage)
             ... on level 4 of the Lair of Beasts on Mar 15, 2020.
             The game lasted 03:20:14 (37265 turns).

CryoSword the Gelid (Merfolk Ice Elementalist)     Turns: 37265, Time: 03:20:15

Health: 0/133      AC: 16    Str: 11    XL:     17   Next: 1%
Magic:  1/31       EV: 22    Int: 17    God:    Qazlal [******]
Gold:   1243       SH: 11    Dex: 16    Spells: 21/36 levels left

rFire    . . .     SeeInvis +   a - +5 scythe "Finisher" {speed, eviscerate}
rCold    . . .     Gourm    .   (shield currently unavailable)
rNeg     . . .     Faith    .   Z - +1 leather armour of Responsibility {rElec Slay+2}
rPois    +         Spirit   .   u - +2 helmet
rElec    +         Reflect  +   x - +1 cloak
rCorr    .         Harm     .   T - +1 pair of gloves
MR       +....                  W - +1 pair of boots {Stlth+}
Stlth    +.........             I - +3 amulet of reflection
HPRegen  0.32/turn              d - ring of poison resistance
MPRegen  0.22/turn              k - ring of see invisible

@: about to teleport, protected from physical damage, repel missiles
A: change form in water, swift swim, stealthy swim
a: Upheaval, Elemental Force, Disaster Area, Renounce Religion


You were on level 4 of the Lair of Beasts.
You worshipped Qazlal.
Qazlal was exalted by your worship.
You were not hungry.

You visited 6 branches of the dungeon, and saw 26 of its levels.
You also visited: Ossuary.

You collected 2660 gold pieces.
You spent 1417 gold pieces at shops.

Inventory:

Hand Weapons
 a - the +5 scythe "Finisher" (weapon) {speed, eviscerate}
   (You found it on level 10 of the Dungeon)

   Attacks with this weapon are significantly faster.
Missiles
 v - 10 silver boomerangs (quivered)
Armour
 u - a +2 helmet (worn)
   (You found it on level 11 of the Dungeon)
 x - a +1 cloak (worn)
   (You found it on level 3 of the Dungeon)
 T - a +1 pair of gloves (worn)
   (You found it on level 11 of the Dungeon)
 W - a +1 pair of boots of stealth (worn)
   (You found it on level 10 of the Dungeon)
 Z - the +1 leather armour of Responsibility (worn) {rElec Slay+2}
   (You took it off a vampire on level 13 of the Dungeon)

   It affects your accuracy and damage with ranged weapons and melee attacks
   (+2).
   It insulates you from electricity.
Magical Staves
 b - an uncursed staff of wizardry {!a}
   (You took it off a wizard on level 10 of the Dungeon)
Jewellery
 d - a ring of poison resistance (left hand)
   (You found it on level 1 of the Dungeon)
 g - an uncursed ring of resist corrosion
   (You took it off an orc on level 3 of the Dungeon)
 h - an uncursed ring of magical power
   (You took it off an orc warrior on level 10 of the Dungeon)
 k - a ring of see invisible (right hand)
   (You found it on level 2 of the Lair of Beasts)
 r - an uncursed ring of protection from fire
   (You found it on level 6 of the Lair of Beasts)
 z - an uncursed ring of wizardry
   (You found it on level 5 of the Lair of Beasts)
 D - an uncursed ring of protection from cold
   (You found it on level 4 of the Lair of Beasts)
 F - a +5 ring of dexterity
   (You found it on level 6 of the Dungeon)
 I - a +3 amulet of reflection (around neck)
   (You found it on level 6 of the Dungeon)
 L - an uncursed ring of flight
   (You found it on level 7 of the Dungeon)
 O - an uncursed ring of positive energy
   (You found it on level 3 of the Lair of Beasts)
Wands
 G - a wand of enslavement (28)
   (You found it on level 6 of the Dungeon)
 M - a wand of paralysis (21)
   (You found it on level 7 of the Dungeon)
Scrolls
 e - 4 scrolls of enchant armour
 j - 2 scrolls of magic mapping {unknown}
 m - 8 scrolls of amnesia
 n - 11 scrolls of identify {@r1}
 o - 10 scrolls of remove curse {@r2}
 t - 3 scrolls of teleportation {@r4}
 w - 3 scrolls of enchant weapon
 y - 2 scrolls of fear {unknown}
 E - 3 scrolls of vulnerability {unknown}
 H - a scroll of brand weapon {unknown}
 R - a scroll of holy word {unknown}
 U - 2 scrolls of fog
 V - 2 scrolls of random uselessness {unknown}
 X - a scroll of acquirement {unknown}
 Y - a scroll of silence {unknown}
Potions
 f - 2 potions of magic
 i - 3 potions of flight
 l - 2 potions of might
 p - 4 potions of heal wounds {@q2}
 q - 8 potions of curing {@q1}
 s - 3 potions of mutation {!q}
 A - 4 potions of cancellation
 B - 6 potions of brilliance
 J - 2 potions of resistance
 N - a potion of haste {@q3}
 Q - a potion of invisibility {unknown}
Comestibles
 c - 46 rations {!d}


   Skills:
 + Level 11.9 Fighting
 - Level 14.0 Polearms
 + Level 13.8 Dodging
 - Level 2.7 Stealth
   Level 4.0 Shields
 - Level 10.0 Spellcasting
 - Level 5.0 Conjurations
 - Level 5.0 Charms
 - Level 6.0 Summonings
 * Level 15.2 Ice Magic
 + Level 10.6 Invocations


You had 21 spell levels left.
You knew the following spells:

 Your Spells              Type           Power        Failure   Level  Hunger
a - Freeze                Ice            ####         1%          1    None
b - Frozen Ramparts       Ice            ######       1%          3    None
c - Ozocubu's Armour      Chrm/Ice       #####...     1%          3    None
d - Summon Ice Beast      Ice/Summ       #####...     1%          4    ###....
e - Hailstorm             Conj/Ice       #####...     1%          4    ###....

Your spell library contained the following spells:

 Spells                   Type           Power        Failure   Level  Hunger
 Magic Dart               Conj           ####         1%          1    None
 Summon Small Mammal      Summ           ####         1%          1    None
 Call Imp                 Summ           ####....     1%          2    None
 Shock                    Conj/Air       ###.         4%          1    None
 Swiftness                Chrm/Air       ###.....     6%          2    None
 Animate Skeleton         Necr           N/A          11%         1    None
 Apportation              Tloc           #.....       11%         1    None
 Corona                   Hex            #......      11%         1    None
 Pain                     Necr           #...         11%         1    None
 Conjure Flame            Conj/Fire      ###.....     12%         3    None
 Static Discharge         Conj/Air       ###.....     12%         3    None
 Blink                    Tloc           N/A          17%         2    None
 Slow                     Hex            #.......     17%         2    None
 Mephitic Cloud           Conj/Pois/Air  ##......     17%         3    None
 Vampiric Draining        Necr           #.........   32%         3    None
 Airstrike                Air            #.........   73%         4    ###....
 Animate Dead             Necr           N/A          73%         4    ###....
 Leda's Liquefaction      Hex/Erth       #.........   73%         4    ###....
 Lightning Bolt           Conj/Air       ###.......   73%         5    #####..
 Bolt of Magma            Conj/Fire/Erth ##........   83%         5    #####..
 Agony                    Necr           #.......     97%         5    #####..
 Iron Shot                Conj/Erth      ###.......   99%         6    ######.
 Statue Form              Tmut/Erth      #........    100%        6    ######.
 Shatter                  Erth           #.........   100%        9    #######


Dungeon Overview and Level Annotations

Branches:
Dungeon (15/15)            Temple (1/1) D:6            Lair (6/6) D:8
  Swamp (1/4) Lair:4       Spider (1/4) Lair:4        Slime (0/5) Lair:5
    Orc (2/2) D:10            Elf (0/3) Orc:2        Vaults (0/5) D:13
 Depths (0/5) D:15        Ossuary (visited)

Altars:
Ashenzari
Cheibriados
Dithmenos
Elyvilon
Fedhas
Gozag
Hepliaklqana
Kikubaaqudgha
Makhleb
Nemelex Xobeh
Okawaru
Qazlal
Ru
Sif Muna
Trog
Uskayaw
Vehumet
Wu Jian
Xom
Yredelemnul
Zin
The Shining One
Beogh

Shops:
D:11 :   Orc:2 [(!%!

Annotations:
Lair:3 1 runed translucent door, Usija's ghost, journeyman DrIE
Swamp:1 Frances


Message History

The wall releases a blast of icicles at the jumping spider!
The jumping spider is encased in ice.
The jumping spider closely misses you. The jumping spider bites you.
* * * LOW HITPOINT WARNING * * *
The jumping spider leaps!
The tarantella bites your ice beast!
The ghost moth is engulfed in freezing vapours.
The ghost moth stares at you.
You feel your power leaking away. The ghost moth hits you!
* * * LOW HITPOINT WARNING * * *
The ghost moth hits you.
* * * LOW HITPOINT WARNING * * *
The ghost moth stings you but does no damage.
The wall releases a blast of icicles at the jumping spider!
The jumping spider pounces on your ice beast!
Your ice beast dies!
A tarantella comes into view.
The wall releases a blast of icicles at the orb spider!
Your ice beast misses the tarantella.
The wall releases a blast of icicles at the orb spider!
The redback is engulfed in blazing flames.
The redback misses you.
The wall releases a blast of icicles at the jumping spider!
The jumping spider barely misses your ice beast.
The jumping spider closely misses your ice beast.
The jumping spider leaps!
You feel sick.
The orb spider is no longer encased in ice. x2
The jumping spider is no longer encased in ice.
The tarantella is no longer encased in ice.
The wall releases a blast of icicles at the jumping spider!
The walls release a blast of icicles at the jumping spider!
The jumping spider is encased in ice.
The ghost moth hits you but does no damage.
You block the ghost moth's attack. The ghost moth completely misses you.
The wall releases a blast of icicles at the jumping spider!
The redback is engulfed in blazing flames.
The redback bites you but does no damage.
The walls release a blast of icicles at the redback!
The redback is encased in ice.
The redback closely misses you.
The redback is engulfed in blazing flames.
The redback completely misses you.
The wall releases a blast of icicles at the jumping spider!
The jumping spider pounces on your ice beast!
The jumping spider bites your ice beast.
Your ice beast hits the jumping spider.
Your ice beast freezes the jumping spider!
Your ice beast hits the jumping spider.
Your ice beast freezes the jumping spider!!
The wall releases a blast of icicles at the orb spider!
The orb spider is encased in ice.
The ghost moth hits you!
* * * LOW HITPOINT WARNING * * *
The ghost moth hits you!
* * * LOW HITPOINT WARNING * * *
The ghost moth misses you.
The frozen ramparts melt away.
You climb upwards.
Welcome back to the Lair of Beasts!
Your summoned ally is left behind.
You feel very sick.
There is a hole to the Spider Nest here.
Unknown command.
As you read the scroll of teleportation {@r4}, it crumbles to dust.
You feel strangely unstable.
You feel sick. The redback bites you!
* * * LOW HITPOINT WARNING * * *
The redback bites you.
* * * LOW HITPOINT WARNING * * *
The redback bites you but does no damage.
The jumping spider misses you.
The jumping spider bites you but does no damage.
The redback misses you. The ghost moth completely misses you.
The ghost moth misses you. The ghost moth barely misses you.
The redback bites you but does no damage.
The redback completely misses you.
The jumping spider completely misses you.
The jumping spider misses you.
You feel better.
The jumping spider is no longer encased in ice.
The redback bites you but does no damage.
You block the redback's attack. The redback completely misses you.
The jumping spider leaps!
The ghost moth is engulfed in freezing vapours.
The ghost moth barely misses you. You block the ghost moth's attack.
The ghost moth barely misses you.
Okay, then.
You feel much better. You block the redback's attack. The redback misses you.
The redback bites you!
* * * LOW HITPOINT WARNING * * *
The ghost moth is engulfed in freezing vapours.
The ghost moth hits you but does no damage.
The ghost moth hits you!
* * * LOW HITPOINT WARNING * * *
The ghost moth misses you. The redback closely misses you.
You block the redback's attack. The redback bites you!
* * * LOW HITPOINT WARNING * * *
You are lethally poisoned!
The redback poisons you!
You feel better.
The ghost moth is engulfed in freezing vapours.
The ghost moth hits you!
You die...

.## #...## ..# #...## .P##
##...^### ...###...!^^.###
........##^^^^^##
....#.##.##..s.^##
..P..#######..☼^.##
.....#### #^.§.s.#
........######.s@.####
........#.# ###sy..#.#####
##.......####.#######...^#
##.......#..##..........#
#.#.....................#
##.#P....................#
#...................≈.♣♣##
..........>...#.....≈♣♣#
..#..###.......##...≈P≈♣##


You could see a ghost moth (invisible), a jumping spider and 3 redbacks.

Vanquished Creatures
  Rupert (D:12)
  An entropy weaver (Lair:4)
  An ettin (D:10)
  A fire dragon (Lair:6)
  2 ogre magi (Orc:2)
  7 hydras
  A vault guard (D:13)
  11 two-headed ogres
  A centaur warrior (D:15)
  An alligator (Swamp:1)
  The ghost of Winsalot the Fighter, a novice GnWn of Cheibriados (D:10)
  A tengu warrior (D:14)
  A queen ant (Lair:4)
  2 orc knights
  A lindwurm (Lair:4)
  2 deep trolls (Orc:1)
  An oklob plant (Lair:4)
  A wizard (D:10)
  A deep elf mage (D:10)
  3 ugly things
  2 orc sorcerers (Orc:2)
  The ghost of Kohma the Insei, a novice GnTm (D:6)
  5 slime creatures
  A manticore (D:14)
  4 cyclopes
  Maurice (D:13)
  5 black mambas
  A gargoyle (D:12)
  5 spiny frogs
  A freezing wraith (D:13)
  2 rime drakes
  An efreet (D:10)
  3 yaktaurs (D:15)
  The ghost of anet the Vandal, a novice HaWz of Ashenzari (D:5)
  8 komodo dragons
  A tyrant leech (shapeshifter) (D:15)
  14 trolls
  2 hornets
  2 meliai (shapeshifter) (D:15)
  2 raiju (Lair:6)
  A jumping spider (Lair:4)
  9 polar bears
  3 tyrant leeches
  14 blink frogs
  12 hippogriffs
  Prince Ribbit (D:5)
  11 dream sheep
  A spriggan (Lair:4)
  A water elemental (D:11)
  3 vampires
  3 redbacks (Lair:4)
  5 wyverns
  2 wraiths (D:10)
  3 steam dragons
  3 basilisks
  24 yaks
  5 vampire mosquitoes
  2 hungry ghosts
  7 wargs
  3 insubstantial wisps (Swamp:1)
  A swamp worm (Lair:4)
  6 soldier ants
  10 hell hounds (Lair:6)
  2 acid dragons (Lair:6)
  28 water moccasins
  4 porcupines
  Duvessa (D:7)
  A floating eye (shapeshifter) (D:12)
  18 orc warriors
  13 black bears
  3 phantoms
  2 sky beasts
  An eye of draining (D:13)
  6 ice beasts
  20 ogres
  A necrophage (D:7)
  16 wolves
  15 centaurs
  4 crocodiles
  An elf zombie (D:7)
  A big kobold (D:10)
  21 bullfrogs
  A wyvern zombie (D:12)
  Dowan (D:7)
  6 scorpions
  3 wyvern skeletons
  3 wights (D:11)
  4 howler monkeys
  An electric eel (Lair:1)
  6 jellies
  8 crimson imps
  3 bullfrog zombies
  3 hounds
  12 orc priests
  8 centaur zombies
  6 human zombies
  5 centaur skeletons
  A wyvern simulacrum (D:6)
  A bullfrog skeleton (D:10)
  13 orc wizards
  5 iguanas
  Terence (D:3)
  26 worker ants
  A spectral hound (D:6)
  2 hound skeletons
  2 mummies (Ossuary)
  28 adders
  2 shadow imps
  A worker ant simulacrum (D:6)
  5 oozes (D:8)
  An adder skeleton (D:6)
  An adder zombie (Ossuary)
  13 dart slugs
  5 leopard geckos
  64 orcs
  4 ball pythons
  8 giant cockroaches
  7 hobgoblins
  11 jackals
  5 quokkas
  8 bats
  5 frilled lizards
  A giant cockroach zombie (D:5)
  11 goblins
  2 goblin zombies (Ossuary)
  10 hobgoblin zombies (Ossuary)
  A jackal zombie (Ossuary)
  3 kobolds (D:3)
  10 kobold zombies (Ossuary)
  An orc skeleton (D:7)
  8 orc zombies
  A quokka skeleton (D:4)
  12 rats
  A rat zombie (Ossuary)
  A plant (Lair:6)
743 creatures vanquished.

Vanquished Creatures (collateral kills)
  An entropy weaver (Lair:4)
  2 hydras
  2 two-headed ogres
  Nergalle (Lair:2)
  A swamp dragon (Lair:6)
  A glowing orange brain (D:15)
  A wolf spider (Spider:1)
  4 oklob plants
  An orc sorcerer (Orc:1)
  An orb spider (Spider:1)
  A cyclops (Orc:2)
  A black mamba (Lair:1)
  3 spiny frogs
  A komodo dragon (Lair:2)
  2 yaktaurs (D:15)
  A troll (Orc:1)
  A raiju (Lair:6)
  A polar bear (Lair:6)
  3 slime creatures (D:15)
  5 dream sheep
  A redback (shapeshifter) (D:15)
  2 yaks
  A wyvern (D:14)
  2 wraiths (D:10)
  A vampire mosquito (Swamp:1)
  3 soldier ants
  A swamp worm (Lair:4)
  4 hell hounds (Lair:6)
  4 water moccasins
  2 porcupines
  A swamp drake (Lair:6)
  An orc warrior (Orc:1)
  A black bear (Lair:6)
  4 wolves
  2 ogres
  3 crocodiles
  2 bullfrogs (Lair:5)
  A water moccasin zombie (D:11)
  A wight (D:11)
  A centaur zombie (D:11)
  3 orc wizards (Orc:2)
  A hound (D:11)
  6 worker ants (Lair:4)
  An iguana (Lair:6)
  An adder (D:11)
  7 orcs
  2 jackals (D:9)
  A plant (Lair:4)
94 creatures vanquished.

Vanquished Creatures (others)
  A wizard (D:14)
  A rime drake (Lair:6)
  An orc warrior (Orc:2)
  A wolf (Lair:4)
  2 centaurs (D:15)
  2 orc wizards
  A hound zombie (D:10)
  3 orcs
  8 fungi
  24 plants
44 creatures vanquished.

Grand Total: 881 creatures vanquished

Notes
Turn   | Place    | Note
-------+----------+-------------------------------------------
     0 | D:1      | CryoSword the Merfolk Ice Elementalist began the quest for
                  | the Orb.
     0 | D:1      | Reached XP level 1. HP: 13/13 MP: 3/3
   148 | D:1      | Reached XP level 2. HP: 19/19 MP: 1/5
   557 | D:1      | Reached XP level 3. HP: 24/24 MP: 6/6
   946 | D:2      | Found a faded altar of an unknown god.
   960 | D:2      | Became a worshipper of Qazlal Stormbringer
   960 | D:2      | Reached * piety under Qazlal
  1232 | D:2      | Reached skill level 5 in Ice Magic
  1605 | D:3      | Reached skill level 1 in Shields
  1605 | D:3      | Reached XP level 4. HP: 24/30 MP: 5/7
  2131 | D:3      | Reached XP level 5. HP: 22/35 MP: 0/9
  2410 | D:3      | Noticed Terence
  2831 | D:3      | Reached ** piety under Qazlal
  3242 | D:3      | Reached XP level 6. HP: 37/41 MP: 5/10
  3594 | D:3      | Reached skill level 6 in Ice Magic
  3668 | D:3      | Killed Terence
  3878 | D:3      | Found an iron altar of Okawaru.
  4010 | D:3      | Found a sparkling altar of Nemelex Xobeh.
  4010 | D:3      | Found a bloodstained altar of Trog.
  4010 | D:3      | Found a glowing silver altar of Zin.
  4155 | D:4      | Reached skill level 1 in Invocations
  4264 | D:4      | Found a sacrificial altar of Ru.
  4432 | D:4      | Learned a level 3 spell: Frozen Ramparts
  4436 | D:4      | Learned a level 3 spell: Ozocubu's Armour
  4441 | D:4      | Learned a level 4 spell: Summon Ice Beast
  4559 | D:4      | Found a shadowy altar of Dithmenos.
  4562 | D:4      | Reached XP level 7. HP: 46/46 MP: 9/12
  4798 | D:4      | Found a blossoming altar of Fedhas.
  4890 | D:5      | Entered Level 5 of the Dungeon
  4947 | D:5      | Noticed Prince Ribbit
  5120 | D:4      | Reached skill level 5 in Dodging
  5366 | D:5      | Reached skill level 7 in Ice Magic
  5925 | D:5      | Reached XP level 8. HP: 52/52 MP: 13/13
  6186 | D:5      | Found a runed translucent door.
  6198 | D:5      | Noticed anet's ghost (novice HaWz)
  7051 | D:5      | Killed Prince Ribbit
  7344 | D:5      | Found a runed translucent door.
  7575 | D:6      | Reached skill level 8 in Ice Magic
  7927 | D:6      | Found a runed translucent gate.
  7929 | D:6      | Found a runed translucent gate.
  7961 | D:6      | Found a staircase to the Ecumenical Temple.
  7976 | Temple   | Entered the Ecumenical Temple
  8258 | D:6      | Found an ancient bone altar of Kikubaaqudgha.
  8473 | D:6      | Found a runed translucent gate.
  8477 | D:6      | Noticed Kohma's ghost (novice GnTm)
  8610 | D:7      | Reached skill level 1 in Polearms
  8638 | D:7      | Reached skill level 1 in Fighting
  8638 | D:7      | Reached XP level 9. HP: 59/59 MP: 12/15
  8644 | D:7      | Reached skill level 1 in Charms
  8657 | D:7      | Reached skill level 1 in Summonings
  8886 | D:7      | Found a sand-covered staircase.
  8891 | Ossuary  | Entered an ossuary
  8998 | Ossuary  | Reached *** piety under Qazlal
  9453 | D:7      | Reached skill level 5 in Polearms
  9528 | D:7      | Noticed Duvessa
  9528 | D:7      | Noticed Dowan
  9538 | D:7      | Killed Duvessa
  9545 | D:7      | Killed Dowan
  9750 | D:7      | Found a white marble altar of Elyvilon.
 10460 | D:8      | Reached **** piety under Qazlal
 10469 | D:8      | Reached skill level 9 in Ice Magic
 10523 | D:8      | Found a staircase to the Lair.
 10890 | D:8      | Reached skill level 5 in Spellcasting
 11105 | D:8      | Reached XP level 10. HP: 65/65 MP: 9/17
 11397 | D:9      | Reached skill level 5 in Invocations
 11772 | D:9      | Found an ornate altar of the Wu Jian Council.
 11788 | D:9      | Found a glowing golden altar of the Shining One.
 12056 | D:9      | Found a burning altar of Makhleb.
 12057 | D:9      | Found a radiant altar of Vehumet.
 12265 | D:10     | Entered Level 10 of the Dungeon
 12621 | D:10     | Found a large runed translucent door.
 12621 | D:10     | Found a large runed translucent door.
 12624 | D:10     | Noticed Winsalot's ghost (novice GnWn)
 12725 | D:10     | Reached skill level 10 in Ice Magic
 12829 | D:10     | Found the +5 scythe "Finisher" {speed, eviscerate}
 12928 | D:10     | Found a staircase to the Orcish Mines.
 13616 | D:10     | Noticed a deep elf mage
 13646 | D:10     | Killed a deep elf mage
 13859 | D:10     | Found a shadowy altar of Dithmenos.
 13960 | D:10     | Reached XP level 11. HP: 67/70 MP: 14/18
 14043 | D:10     | Reached skill level 11 in Ice Magic
 14124 | D:10     | HP: 3/70 [troll (16)]
 14547 | D:10     | Noticed a wizard
 14553 | D:10     | Killed a wizard
 14562 | D:10     | Upgraded the game from 0.25-a0-591-g2ad0d861f1 to
                  | 0.25-a0-597-gb30770a0c0
 14851 | D:10     | Reached skill level 10 in Polearms
 15071 | D:10     | Learned a level 4 spell: Hailstorm
 15085 | D:10     | Noticed a cyclops
 15098 | D:10     | Killed a cyclops
 15407 | D:10     | Noticed an orc knight
 15416 | D:10     | Killed an orc knight
 15622 | D:10     | Reached skill level 5 in Summonings
 15986 | D:11     | Reached skill level 1 in Conjurations
 16516 | D:11     | Noticed a four-headed hydra
 16528 | D:11     | Killed a four-headed hydra
 16753 | D:11     | Found Soawki Leikk's Book Boutique.
 17459 | D:12     | Reached skill level 12 in Ice Magic
 17545 | D:12     | Reached XP level 12. HP: 80/80 MP: 4/19
 17738 | D:12     | Noticed Rupert
 17759 | D:12     | Paralysed by Rupert for 5 turns
 18384 | D:12     | Noticed a two-headed ogre
 18406 | D:12     | Killed a two-headed ogre
 18988 | D:13     | Found a shadowy altar of Dithmenos.
 19112 | D:13     | Noticed Maurice
 19114 | D:13     | Paralysed by Maurice for 3 turns
 19120 | D:13     | Killed Maurice
 19195 | D:13     | Noticed a seven-headed hydra
 19227 | D:13     | Killed an eight-headed hydra
 19746 | D:13     | Reached skill level 5 in Fighting
 19780 | D:13     | Noticed a vault guard
 19827 | D:13     | Killed a vault guard
 19831 | D:13     | Reached skill level 10 in Dodging
 20189 | D:13     | Noticed a two-headed ogre
 20190 | D:13     | Identified the +1 leather armour of Responsibility {rElec
                  | Slay+2}
 20211 | D:13     | Killed a two-headed ogre
 20302 | D:13     | Found a gate to the Vaults.
 20608 | Lair:1   | Entered Level 1 of the Lair of Beasts
 21157 | Lair:1   | Reached XP level 13. HP: 93/93 MP: 20/21
 21411 | Lair:1   | Reached ***** piety under Qazlal
 22247 | Lair:2   | Noticed Nergalle
 22255 | Lair:2   | Killed Nergalle
 23338 | Lair:3   | Found a runed translucent door.
 23524 | Lair:3   | Noticed Usija's ghost (journeyman DrIE)
 23657 | D:5      | Killed anet's ghost
 23749 | D:6      | Killed Kohma's ghost
 23872 | D:10     | Killed Winsalot's ghost
 24090 | D:12     | Killed Rupert
 24090 | D:12     | Reached skill level 13 in Ice Magic
 25015 | Lair:4   | Noticed an entropy weaver
 25025 | Lair:4   | Killed an entropy weaver
 25054 | Lair:4   | Noticed an entropy weaver
 25062 | Lair:4   | Killed an entropy weaver
 25447 | Lair:4   | Reached XP level 14. HP: 106/106 MP: 11/25
 25929 | Lair:4   | Found a staircase to the Swamp.
 26023 | Lair:4   | Found a hole to the Spider Nest.
 26241 | Lair:4   | Reached ****** piety under Qazlal
 27505 | Lair:5   | Found a staircase to the Slime Pits.
 28117 | Lair:6   | Entered Level 6 of the Lair of Beasts
 28566 | Lair:6   | Reached skill level 10 in Invocations
 28692 | Lair:6   | Reached skill level 10 in Fighting
 29957 | Lair:6   | Reached XP level 15. HP: 117/117 MP: 19/28
 30972 | Orc:1    | Entered Level 1 of the Orcish Mines
 31385 | Orc:2    | Entered Level 2 of the Orcish Mines
 31385 | Orc:2    | Found Peoschik's Armour Emporium.
 31720 | Orc:1    | Reached skill level 14 in Ice Magic
 32225 | Orc:2    | Paralysed by an orc sorcerer for 2 turns
 32403 | Orc:2    | Found Irumeheid's Distillery.
 32426 | Orc:2    | Found Oblyan's Food Boutique.
 32427 | Orc:2    | Found Hoiczib's Antique Weapon Boutique.
 32474 | Orc:2    | Found a staircase to the Elven Halls.
 32557 | Orc:2    | Found Weok's Distillery.
 33535 | Orc:2    | Bought 2 potions of might for 104 gold pieces
 33535 | Orc:2    | Bought 2 potions of cancellation for 208 gold pieces
 33570 | Orc:2    | Bought 2 potions of curing for 66 gold pieces
 33570 | Orc:2    | Bought a potion of curing for 33 gold pieces
 33570 | Orc:2    | Bought a potion of experience for 550 gold pieces
 33570 | Orc:2    | Bought a potion of curing for 33 gold pieces
 33570 | Orc:2    | Bought a potion of curing for 33 gold pieces
 33570 | Orc:2    | Bought a potion of resistance for 110 gold pieces
 33570 | Orc:2    | Bought 2 potions of cancellation for 176 gold pieces
 33573 | Orc:2    | Reached skill level 10 in Spellcasting
 33573 | Orc:2    | Reached skill level 5 in Charms
 33573 | Orc:2    | Reached XP level 16. HP: 125/125 MP: 28/30
 33606 | Orc:2    | Bought a potion of curing for 39 gold pieces
 33606 | Orc:2    | Bought a potion of heal wounds for 65 gold pieces
 33743 | D:14     | Found a bloodstained altar of Trog.
 34540 | D:15     | Entered Level 15 of the Dungeon
 34922 | D:15     | Found a roughly hewn altar of Beogh.
 35497 | D:15     | Reached skill level 5 in Conjurations
 35696 | D:15     | Reached skill level 15 in Ice Magic
 36221 | D:15     | Found a staircase to the Depths.
 36608 | Swamp:1  | Entered Level 1 of the Swamp
 37011 | Swamp:1  | Reached XP level 17. HP: 119/133 MP: 8/31
 37161 | Swamp:1  | Noticed Frances
 37248 | Spider:1 | Entered Level 1 of the Spider Nest
 37262 | Lair:4   | HP: 2/133 [redback (5)]
 37265 | Lair:4   | Slain by a ghost moth

Levels and vault maps discovered:
D:1:      dpeg_arrival_triangle_fractal, layout_rooms
D:2:      layout_rooms, chequers_ecumenical_altar_simple_redux
D:3:      kennysheep_slugbush, layout_basic, kennysheep_okawaru_gauntlet,
          chequers_temple_overflow_statue_of_worship, grunt_ministairs_8,
          uniq_terence
D:4:      layout_cave_pods, hangedman_ru_absence, fedhas_altar_4,
          lemuel_round_altar
D:5:      layout_gridville, first_ration, ebering_ghost_reflecting_pool,
          uniq_prince_ribbit1
D:6:      layout_gridville, kennysheep_mini_moat,
          minmay_temple_entry_water_ring, gammafunk_ghost_necromancy
D:7:      layout_basic, elyvilon_altar_5, nicolae_ossuary_entry_catacombs,
          uniq_duvessa
D:8:      layout_basic, erik_lair_orcish_takeover,
          hangedman_little_slice_of_home
D:9:      layout_basic, grunt_temple_overflow_lords_of_destruction,
          nicolae_overflow_crystal_walls, basic_altar
D:10:     minmay_the_grid_octo_tiled_squarecenter
          [minmay_the_grid_octo_vomiting_pacman, minmay_the_grid_octo_odd_swirl,
          minmay_the_grid_octo_focus, minmay_the_grid_octo_teeth,
          minmay_the_grid_square_5x5_megaprize_open,
          minmay_the_grid_square_5x5_six_small, minmay_the_grid_square_5x5_plus,
          minmay_the_grid_square_5x5_three,
          minmay_the_grid_square_5x5_two_walls_b], layout_stronghold,
          ebering_ghost_disaster_area, minmay_guarded_unrand_finisher
D:11:     cheibrodos_helix_gallery, layout_loops_ring, serial_shops, shop
D:12:     layout_roguey, uniq_rupert
D:13:     layout_loops_corners, david_vaults_5, basic_altar, uniq_maurice
D:14:     layout_loops_ring, chequers_hall_statues_corner_a, trog_wizard
D:15:     gammafunk_enter_depths_forms, layout_cave_pods, special_room
          [special_room_orc]
Temple:   dpeg_chambers_temple
Lair:1:   lemuel_reptile_caves, layout_loops_ring, grunt_megastairs_5,
          lemuel_fruit_tree
Lair:2:   layout_cave_pods, uniq_nergalle
Lair:3:   statuecave_lemuel, layout_regular_city, ebering_ghost_inner_flame
Lair:4:   layout_hall_layers, palyth_hydra_swamp_entry,
          spider_nest_entry_funnel_web, minmay_another_anthill,
          infiniplex_staircase_pool_2, serial_bayou_shore_b,
          minmay_lair_oklob_chamber
Lair:5:   layout_regular_city, minmay_slime_entry_oklob_open
Lair:6:   guppyfry_lair_end_dragon, layout_cave_pods,
          hangedman_lair_caniforms_friends, serial_bayou_crossing
Swamp:1:  layout_basic_swamp, evilmike_swamp_ruin_house_2,
          infiniplex_staircase_pool, uniq_roxanne, uniq_frances
Spider:1: layout_spider_delve
Orc:1:    layout_caves, serial_shops
Orc:2:    st_orc_open, layout_caves, serial_shops, nicolae_shop_behind_doors

Skill      XL: |  1  2  3  4  5  6  7  8  9 10 11 12 13 14 15 16 |
---------------+-------------------------------------------------+-----
Dodging        | 3 4 5 6 7 9 10 11 12 13 | 13.8
Ice Magic      | 5 6 7 8 9 10 12 13 14 15 | 15.2
Shields        | 1 2 3 4 |  4.0
Spellcasting   | 3 4 5 7 9 10 | 10.0
Invocations    | 1 2 3 4 6 7 8 9 10 | 10.6
Polearms       | 1 7 9 10 11 12 13 14 | 14.0
Fighting       | 1 2 6 8 10 11 | 11.9
Charms         | 2 3 5 |  5.0
Summonings     | 2 4 5 6 |  6.0
Conjurations   | 2 3 4 5 |  5.0
Stealth        | |  2.7

Action                   |  1- 3 |  4- 6 |  7- 9 | 10-12 | 13-15 | 16-18 || total
-------------------------+-------+-------+-------+-------+-------+-------++-------
Melee: Unarmed           |     2 |       |       |       |       |       ||     2
       Club              |     4 |       |       |       |       |       ||     4
       Spear             |    27 |    85 |    63 |       |       |       ||   175
       Tailslap          |       |     1 |       |       |     2 |       ||     3
       Trident           |       |       |   282 |   248 |       |       ||   530
       Scythe            |       |       |       |   188 |   462 |   200 ||   850
 Fire: Hunting sling     |    22 |       |    39 |       |       |       ||    61
Throw: Stone             |    44 |       |     6 |       |       |       ||    50
       Boomerang         |       |    37 |     7 |    18 |       |       ||    62
 Cast: Freeze            |    41 |   103 |   139 |   140 |    52 |    18 ||   493
       Ozocubu's Armour  |       |       |    22 |    31 |    22 |     7 ||    82
       Frozen Ramparts   |       |       |    19 |    77 |    76 |    24 ||   196
       Summon Ice Beast  |       |       |       |    40 |   165 |    35 ||   240
       Hailstorm         |       |       |       |     4 |    49 |    18 ||    71
Invok: Upheaval          |       |     1 |     2 |     8 |       |     3 ||    14
       Elemental Force   |       |       |       |     1 |     1 |       ||     2
  Use: Scroll            |     1 |       |     6 |    17 |     6 |     1 ||    31
       Potion            |       |       |       |     1 |     3 |     6 ||    10
 Stab: Sleeping          |     1 |       |       |       |       |       ||     1
       Distracted        |       |       |       |     1 |     2 |       ||     3
  Eat: Chunk             |     2 |    11 |    14 |    32 |    45 |    13 ||   117
       Ration            |       |       |     3 |     4 |     6 |     1 ||    14
Armor: Robe              |     9 |     7 |    20 |       |       |       ||    36
       Leather armour    |       |       |    35 |    78 |   101 |    44 ||   258
Dodge: Dodged            |    28 |    80 |   180 |   256 |   510 |   157 ||  1211
       Deflected         |       |       |       |     4 |    13 |     9 ||    26
Block: Other             |       |     4 |       |    52 |   305 |    91 ||   452
       Buckler           |       |    30 |   168 |   179 |       |       ||   377
       Reflection        |       |       |       |     6 |    10 |    13 ||    29

Table legend:
 A = Non-vault XP
 B = Vault XP
 C = Vault XP percentage of total XP
 D = Non-vault monster count
 E = Vault monster count
 F = Vault count percentage of total count
                 A         B        C        D         E       F
            +---------+---------+-------+---------+---------+-------
      Total |   72123 |   62515 |  46.4 |     491 |     350 |  41.6
            +---------+---------+-------+---------+---------+-------
        D:1 |      43 |       0 |   0.0 |      23 |       0 |   0.0
        D:2 |     119 |       0 |   0.0 |      22 |       0 |   0.0
        D:3 |     215 |      97 |  31.1 |      34 |      20 |  37.0
        D:4 |     477 |       0 |   0.0 |      16 |       0 |   0.0
        D:5 |     638 |     624 |  49.4 |      21 |       2 |   8.7
        D:6 |     329 |     687 |  67.6 |       7 |       7 |  50.0
        D:7 |     563 |     418 |  42.6 |      15 |       8 |  34.8
        D:8 |     472 |     799 |  62.9 |       9 |      17 |  65.4
        D:9 |    1256 |      50 |   3.8 |      14 |       1 |   6.7
       D:10 |    3211 |    6986 |  68.5 |      22 |      30 |  57.7
       D:11 |    2780 |     132 |   4.5 |      18 |       2 |  10.0
       D:12 |    3471 |    2610 |  42.9 |      17 |       1 |   5.6
       D:13 |    5255 |    3498 |  40.0 |      33 |       7 |  17.5
       D:14 |    6274 |       0 |   0.0 |      22 |       0 |   0.0
       D:15 |    9423 |    4033 |  30.0 |      37 |      32 |  46.4
     Lair:1 |    3833 |    3416 |  47.1 |      20 |      34 |  63.0
     Lair:2 |     877 |     743 |  45.9 |       4 |       1 |  20.0
     Lair:3 |    5343 |       0 |   0.0 |      22 |       0 |   0.0
     Lair:4 |    5489 |    9975 |  64.5 |      24 |      44 |  64.7
     Lair:5 |    7138 |     417 |   5.5 |      31 |       1 |   3.1
     Lair:6 |    8024 |   13024 |  61.9 |      32 |      67 |  67.7
    Swamp:1 |    2643 |       0 |   0.0 |      10 |       0 |   0.0
   Spider:1 |    1000 |       0 |   0.0 |       2 |       0 |   0.0
      Orc:1 |     828 |   11732 |  93.4 |       8 |      29 |  78.4
      Orc:2 |    2422 |    2938 |  54.8 |      28 |       8 |  22.2
    Ossuary |       0 |     336 | 100.0 |       0 |      39 | 100.0
            +---------+---------+-------+---------+---------+-------
